 Dungeon Crawl Stone Soup version 0.24-a0-232-g49d9ff8 (webtiles) character file.

Game seed: 4939059675144836186

594 xeno23 the Sneak (level 7, -2/46 HPs)
             Began as an Octopode Assassin on Apr 4, 2019.
             Slain by a sky beast (6 damage)
             ... on level 5 of the Dungeon.
             The game lasted 00:10:01 (3472 turns).

xeno23 the Sneak (Octopode Assassin)                Turns: 3472, Time: 00:10:01

Health: -2/46      AC:  1    Str: 11    XL:     7   Next: 39%
Magic:  9/9        EV: 13    Int: 13    God:
Gold:   187        SH:  0    Dex: 15    Spells: 5/8 levels left

rFire    . . .     SeeInvis .   w - +0 short sword (freeze)
rCold    + . .     Gourm    .   (no shield)
rNeg     . . .     Faith    .   (helmet restricted)
rPois    +         Spirit   .   (no amulet)
rElec    .         Reflect  .   g - ring of protection from cold
rCorr    .         Harm     .   k - ring of flight
MR       .....                  n - ring of poison resistance
Stlth    ++++......             (no ring)
HPRegen  0.15/turn              (no ring)
MPRegen  0.11/turn              (no ring)
                                (no ring)
                                (no ring)

@: no status effects
A: almost no armour, stealthy swim, amphibious, 8 rings, constrict 8, camouflage
1, gelatinous body 1
a: Evoke Flight


You were on level 5 of the Dungeon.
You were not hungry.

You visited 1 branch of the dungeon, and saw 5 of its levels.

You collected 187 gold pieces.

Inventory:

Hand Weapons
 a - a +2 dagger
 b - a +0 blowgun
 w - a +0 short sword of freezing (weapon)
Missiles
 c - 38 poisoned needles
 d - 2 curare-tipped needles
 r - a throwing net (quivered)
Jewellery
 g - a ring of protection from cold (left tentacle)
 k - a ring of flight (right tentacle)
 n - a ring of poison resistance (on tentacle)
Wands
 p - a wand of acid (14)
Scrolls
 e - 6 scrolls of teleportation
 h - 2 scrolls of identify
 i - 2 scrolls of enchant armour
 o - a scroll of amnesia
 s - a scroll of fear
Potions
 j - 2 potions of lignification
 l - a potion of curing
 q - 2 potions of flight
 v - a potion of heal wounds
Comestibles
 f - 5 rations


   Skills:
 + Level 3.5 Fighting
 * Level 4.7 Short Blades
 - Level 2.0 Throwing
 - Level 1.0 Dodging
 + Level 6.9 Stealth
 + Level 1.4 Spellcasting
 * Level 3.2 Translocations
 + Level 2.2 Evocations


You had 5 spell levels left.
You knew the following spells:

 Your Spells              Type           Power        Failure   Level  Hunger
a - Magic Dart            Conj           #...         26%         1    ##.....
g - Blink                 Tloc           N/A          11%         2    ###....

Your spell library contained the following spells:

 Spells                   Type           Power        Failure   Level  Hunger
 Call Imp                 Summ           #.......     38%         2    ###....
 Slow                     Hex            #.......     38%         2    ###....
 Conjure Flame            Conj/Fire      #.......     63%         3    ####...
 Mephitic Cloud           Conj/Pois/Air  #.......     63%         3    ####...


Dungeon Overview and Level Annotations

Branches:
Dungeon (5/15)
 Temple: D:4-7

Altars:
Okawaru
The Shining One

Annotations:
D:4 3 runed translucent doors, eyesofgods1's ghost, amateur HOMo


Innate Abilities, Weirdness & Mutations

You cannot wear most types of armour.
You are very stealthy in the water. (Stealth+)
You are amphibious.
You can wear up to eight rings at the same time.
You can use your tentacles to constrict eight enemies at once.
Your skin changes colour to match your surroundings (Stealth+).
Your rubbery body absorbs attacks. (AC +1, EV +1)


Message History

You completely miss the sky beast.
The sky beast is almost dead.
The sky beast hits you. The sky beast shocks you.
* * * LOW HITPOINT WARNING * * *
You take 8 damage.
You hit the sky beast but do no damage.
The sky beast is almost dead.
You hit the sky beast. You freeze the sky beast.
The sky beast is almost dead.
The sky beast hits you.
* * * LOW HITPOINT WARNING * * *
The sky beast shocks you.
* * * LOW HITPOINT WARNING * * *
You take 7 damage.
You barely miss the sky beast. Your squeeze misses the sky beast.
The sky beast is almost dead.
The sky beast hits you.
* * * LOW HITPOINT WARNING * * *
The sky beast shocks you.
You die...

#.###.#####.# #..#
#[..).......# #<.#
#.##..####### #.#.
#.##..# #..#
#.##..# #.##
#.##..# ######.#
#.##..####......#
#.##.......####.##
#@.............#..
#Y#############†#.
#?# #... #.# ##..
#.# #.# #.# #.#
#.# #.# ... #.#
..#


You could see a sky beast.

Vanquished Creatures
  A hungry ghost (D:4)
  An ogre (D:4)
  A bullfrog (D:3)
  A hound (D:4)
  A jelly (D:5)
  An orc priest (D:4)
  Natasha (D:2)
  An orc wizard (D:4)
  A worker ant (D:4)
  4 gnolls (D:3)
  3 adders
  An ooze (D:3)
  An adder skeleton (D:4)
  4 dart slugs
  3 leopard geckos
  An orc (D:4)
  6 giant cockroaches
  7 goblins
  3 hobgoblins
  4 jackals (D:3)
  7 kobolds
  3 quokkas
  A ball python (D:3)
  8 bats
  5 frilled lizards
  11 rats
81 creatures vanquished.

Notes
Turn   | Place    | Note
-------+----------+-------------------------------------------
     0 | D:1      | xeno23 the Octopode Assassin began the quest for the Orb.
     0 | D:1      | Reached XP level 1. HP: 14/14 MP: 1/1
   193 | D:1      | Reached XP level 2. HP: 19/19 MP: 2/2
   475 | D:1      | Reached XP level 3. HP: 25/25 MP: 3/3
   825 | D:1      | Found a glowing golden altar of the Shining One.
  1001 | D:2      | Found an iron altar of Okawaru.
  1003 | D:2      | Noticed Natasha
  1009 | D:2      | Killed Natasha
  1009 | D:2      | Reached XP level 4. HP: 25/30 MP: 4/4
  1057 | D:2      | Learned a level 2 spell: Blink
  1182 | D:2      | Reached skill level 6 in Stealth
  1456 | D:3      | Found a faded altar of an unknown god.
  1515 | D:3      | Noticed a bullfrog
  1522 | D:3      | Killed a bullfrog
  1522 | D:3      | Reached skill level 1 in Translocations
  1522 | D:3      | Reached XP level 5. HP: 36/36 MP: 5/5
  1585 | D:3      | Reached skill level 1 in Evocations
  1720 | D:2      | Learned a level 1 spell: Magic Dart
  2236 | D:3      | Reached XP level 6. HP: 24/42 MP: 6/6
  2289 | D:4      | Found a runed translucent gate.
  2290 | D:4      | Found a runed translucent gate.
  2291 | D:4      | Found a runed translucent gate.
  2606 | D:4      | Reached skill level 1 in Spellcasting
  2656 | D:4      | Reached XP level 7. HP: 46/46 MP: 8/8
  2677 | D:4      | Noticed eyesofgods1's ghost (amateur HOMo)
  2857 | D:4      | Noticed a hungry ghost
  2876 | D:4      | Killed a hungry ghost
  3378 | D:5      | Entered Level 5 of the Dungeon
  3472 | D:5      | Slain by a sky beast

Levels and vault maps discovered:
D:1:      lightli_arrival_chessboard, layout_basic, tso_altar
D:2:      layout_basic, first_ration, okawaru_metal_pillars_1_2, uniq_natasha
D:3:      layout_loops_ring, chequers_ecumenical_altar_simple_redux
D:4:      layout_layer_cave, gammafunk_ghost_split
D:5:      layout_loops_ring, serial_shops, kennysheep_little_box, uniq_duvessa

Skill      XL: |  1  2  3  4  5  6  7 |
---------------+----------------------+-----
Short Blades   | 3 4 |  4.7
Stealth        | 6 |  6.9
Translocations | 1 2 3 |  3.2
Evocations     | 1 2 |  2.2
Fighting       | 3 |  3.5
Spellcasting   | 1 |  1.4
Throwing       | |  2.0
Dodging        | |  1.0

Action                   |  1- 3 |  4- 6 |  7- 9 || total
-------------------------+-------+-------+-------++-------
Melee: Dagger            |    36 |    92 |       ||   128
       Constrict         |     5 |    15 |       ||    20
       Tentacles         |     2 |    15 |     3 ||    20
       Short sword       |       |       |    27 ||    27
 Fire: Blowgun           |       |     6 |       ||     6
 Cast: Magic Dart        |       |     4 |       ||     4
  Use: Scroll            |     3 |     4 |     5 ||    12
 Stab: Sleeping          |    17 |    21 |     3 ||    41
  Eat: Chunk             |       |     6 |       ||     6
       Ration            |       |       |     2 ||     2
Armor: Skin              |       |     2 |       ||     2
Dodge: Dodged            |     6 |    51 |    10 ||    67

Table legend:
 A = Non-vault XP
 B = Vault XP
 C = Vault XP percentage of total XP
 D = Non-vault monster count
 E = Vault monster count
 F = Vault count percentage of total count
                 A         B        C        D         E       F
            +---------+---------+-------+---------+---------+-------
      Total |     814 |      35 |   4.1 |      80 |       1 |   1.2
            +---------+---------+-------+---------+---------+-------
        D:1 |      43 |       0 |   0.0 |      23 |       0 |   0.0
        D:2 |      37 |      35 |  48.6 |      21 |       1 |   4.5
        D:3 |     206 |       0 |   0.0 |      25 |       0 |   0.0
        D:4 |     473 |       0 |   0.0 |       9 |       0 |   0.0
        D:5 |      55 |       0 |   0.0 |       2 |       0 |   0.0
            +---------+---------+-------+---------+---------+-------
